 Dungeon Crawl Stone Soup version 0.26-a0-812-g31a745ddcd (webtiles) character file.

Game seed: 5324395231325134227

469442 Arthanis the Executioner (level 24, -38/151 HPs)
             Began as a Gargoyle Berserker on Nov 16, 2020.
             Was the Champion of Trog.
             Annihilated by a juggernaut simulacrum (56 damage)
             ... led by a necromancer
             ... while paralysed by a floating eye
             ... on level 4 of the Depths on Nov 17, 2020.
             The game lasted 01:25:49 (51771 turns).

Arthanis the Executioner (Gargoyle Berserker)      Turns: 51771, Time: 01:25:50

Health: -38/151    AC: 47    Str: 35    XL:     24   Next: 64%
Magic:  23/23      EV:  2    Int: 19    God:    Trog [******]
Gold:   3094       SH:  0    Dex: 12    Spells: 23/23 levels left

rFire    + + +     SeeInvis .   a - +7 war axe of Death {freeze, rElec rF+ Str+7}
rCold    . . .     Faith    .   F - +2 tower shield "Gunausch" {+Fly rF++ Str-2}
rNeg     + . .     Spirit   .   J - +0 plate armour (curse)
rPois    ∞         Reflect  +   Z - +1 helmet "Puad" {MR+ Str+2}
rElec    +         Harm     .   w - scarf {repulsion}
rCorr    .         Rampage  .   k - +2 pair of gloves {Dex+3}
MR       ++++.                  c - +0 pair of boots
Stlth    ..........             D - amulet of reflection
HPRegen  1.35/turn              y - +4 ring of protection
MPRegen  0.18/turn              N - +6 ring of strength

@: paralysed, about to teleport, flying, regenerating, studying Armour, repel
missiles
A: big wings, frail 1, negative energy resistance 1, electricity resistance,
unbreathing, petrification resistance, rot immunity, AC +18
}: 2/15 runes: decaying, serpentine
a: Stop Flying, Berserk, Trog's Hand, Brothers in Arms, Renounce Religion


You were on level 4 of the Depths.
You worshipped Trog.
Trog was exalted by your worship.
You visited 8 branches of the dungeon, and saw 42 of its levels.
You also visited: Gauntlet, Ice Cave, Volcano and Wizlab.

You collected 7286 gold pieces.
You spent 4192 gold pieces at shops.

Inventory:

Hand Weapons
 a - the +7 war axe of Death (weapon) {freeze, rElec rF+ Str+7}
   (You found it on level 5 of the Dungeon)

   It has been specially enchanted to freeze those struck by it, causing extra
   injury to most foes and up to half again as much damage against particularly
   susceptible opponents.
   It can also slow down cold-blooded creatures.
   It affects your strength (+7).
   It protects you from fire.
   It insulates you from electricity.
 b - a +1 hand axe of flaming
 T - a +4 antimagic broad axe
 Y - a +3 executioner's axe of freezing
Missiles
 U - a throwing net (quivered)
Armour
 c - a +0 pair of boots (worn)
 k - a +2 pair of gloves of dexterity (worn)
 m - a scarf of resistance
 w - a scarf of repulsion (worn)
 F - the +2 tower shield "Gunausch" (worn) {+Fly rF++ Str-2}
   (You found it on level 3 of the Swamp)

   It affects your strength (-2).
   It greatly protects you from fire.
   It lets you fly.
 J - a cursed +0 plate armour (worn)
 Z - the +1 helmet "Puad" (worn) {MR+ Str+2}
   (You acquired it on level 1 of the Elven Halls)

   It affects your strength (+2).
   It affects your resistance to hostile enchantments.
Jewellery
 s - an uncursed ring of see invisible
 y - a +4 ring of protection (left hand)
 D - an amulet of reflection (around neck)
 N - a +6 ring of strength (right hand)
 Q - an uncursed ring of resist corrosion
 R - an uncursed ring of ice
Wands
 d - a wand of digging (6)
 u - a wand of acid (2)
 v - a wand of iceblast (46)
 V - a wand of disintegration (39)
Scrolls
 g - 19 scrolls of magic mapping
 h - 19 scrolls of teleportation
 i - 5 scrolls of immolation
 j - 11 scrolls of blinking
 n - 9 scrolls of fear
 o - 11 scrolls of enchant weapon
 C - 4 scrolls of silence
 E - 10 scrolls of enchant armour
 G - 14 scrolls of remove curse
 H - 14 scrolls of fog
 K - 4 scrolls of summoning
 L - 5 scrolls of holy word
 O - 35 scrolls of identify
Potions
 e - 4 potions of heal wounds
 f - 3 potions of haste
 l - 3 potions of might
 p - 6 potions of ambrosia
 q - 5 potions of resistance
 r - 16 potions of curing
 t - 9 potions of mutation
 x - 5 potions of invisibility
 z - 9 potions of lignification
 B - 6 potions of berserk rage
 I - 5 potions of cancellation
 P - 10 potions of brilliance
 X - 7 potions of magic
Books
 S - a manual of
Armour
 W - a manual of Armour
Miscellaneous
 A - a box of beasts
 M - a lightning rod (4/4)


   Skills:
 + Level 21.8 Fighting
 * Level 24.9 Axes
 + Level 15.8 Armour
 - Level 8.0 Dodging
 - Level 8.0 Shields
 - Level 14.1 Evocations


You had 23 spell levels left.
You didn't know any spells.
Your spell library contained the following spells:

 Spells                   Type           Power        Failure   Level
 Apportation              Tloc           #.....       100%        1
 Corona                   Hex            #......      100%        1
 Foxfire                  Conj/Fire      #...         100%        1
 Freeze                   Ice            #...         100%        1
 Ensorcelled Hibernation  Hex/Ice        #.....       100%        2
 Poisonous Vapours        Pois/Air       #.....       100%        2
 Wereblood                Tmut           #.......     100%        2
 Confusing Touch          Hex            #.......     100%        3
 Conjure Flame            Conj/Fire      #.......     100%        3
 Dazzling Flash           Conj/Hex       #.....       100%        3
 Frozen Ramparts          Ice            #.....       100%        3
 Gell's Gravitas          Tloc           #.........   100%        3
 Ignite Poison            Fire/Tmut/Pois #.......     100%        3
 Lesser Beckoning         Tloc           #.........   100%        3
 Mephitic Cloud           Conj/Pois/Air  #.......     100%        3
 Ozocubu's Armour         Ice            #.......     100%        3
 Portal Projectile        Hex/Tloc       #.....       100%        3
 Teleport Other           Tloc           #.......     100%        3
 Tukima's Dance           Hex            #.......     100%        3
 Animate Dead             Necr           #.........   100%        4
 Cause Fear               Hex            #.........   100%        4
 Dispel Undead            Necr           #.......     100%        4
 Hailstorm                Conj/Ice       #.......     100%        4
 Summon Ice Beast         Ice/Summ       #.......     100%        4
 Summon Lightning Spire   Summ/Air       #.......     100%        4
 Alistair's Intoxication  Tmut/Pois      #........    100%        5
 Bolt of Magma            Conj/Fire/Erth #.........   100%        5
 Borgnjor's Vile Clutch   Necr/Erth      #.........   100%        5
 Excruciating Wounds      Necr           #.........   100%        5
 Iskenderun's Battlesphe  Conj           #.......     100%        5
 Metabolic Englaciation   Hex/Ice        #.........   100%        5
 Silence                  Hex/Air        #.........   100%        5
 Summon Mana Viper        Hex/Summ       #.......     100%        5
 Yara's Violent Unravell  Hex/Tmut       #.........   100%        5
 Conjure Ball Lightning   Conj/Air       #.........   100%        6
 Death Channel            Necr           #.........   100%        6
 Dispersal                Tloc           #.........   100%        6
 Eringya's Noxious Bog    Tmut/Pois      #.........   100%        6
 Freezing Cloud           Conj/Ice/Air   #.........   100%        6
 Invisibility             Hex            #.......     100%        6
 Iron Shot                Conj/Erth      #.........   100%        6
 Simulacrum               Ice/Necr       #.........   100%        6
 Orb of Destruction       Conj           #.........   100%        7
 Spellforged Servitor     Conj/Summ      #.........   100%        7
 Discord                  Hex            #.........   100%        8
 Disjunction              Tloc           #.........   100%        8
 Ignition                 Fire           #.........   100%        8
 Tornado                  Air            #.........   100%        9
 Sublimation of Blood     Necr           Unusable     N/A         2
 Statue Form              Tmut/Erth      Unusable     N/A         6

Dungeon Overview and Level Annotations

Branches:
Dungeon (15/15)            Temple (0/1) D:6            Lair (6/6) D:8
  Swamp (4/4) Lair:4        Snake (4/4) Lair:2        Slime (0/5) Lair:5
    Orc (2/2) D:10            Elf (3/3) Orc:2        Vaults (4/5) D:14
  Crypt (0/3) Vaults:3     Depths (4/5) D:15          IceCv (visited)
Volcano (visited)          WizLab (visited)         Gauntlet (visited)

Altars:
Ashenzari
Cheibriados
Dithmenos
Gozag
Hepliaklqana
Kikubaaqudgha
Makhleb
Trog
Uskayaw
Wu Jian
Yredelemnul
Beogh
Jiyva

Shops:
D:8 [   D:14 :   Orc:1 ![[   Orc:2 [=(*   Elf:1 ?   Elf:2 }   Elf:3 =
Snake:1 **   Snake:4 (   Vaults:2 [   Vaults:4 (   Depths:3 [?*

Portals:
Hell: Lair:6 Depths:1 Depths:2 Depths:3 Depths:4
Abyss: Depths:1 Depths:4
Pandemonium: Depths:1 Depths:2 Depths:3
Trove: Depths:4 (give +5 demon trident)

Annotations:
Elf:1 3 runed translucent doors, Horhip's ghost, adept DrVM
Depths:2 Mara


Innate Abilities, Weirdness & Mutations

You are resistant to torment.
Your stone body is resilient. (AC +18)
You are immune to poison.
Your large and strong wings let you fly indefinitely.
You resist negative energy. (rN+)
You are resistant to electric shocks. (rElec)
You can survive without breathing.
You are immune to petrification.
You are immune to rotting.
You are frail. (-10% HP)


Message History

The necromancer hits you but does no damage.
You block the great orb of eyes's attack.
As you read the scroll of teleportation, it crumbles to dust.
You feel strangely unstable.
The necromancer gestures wildly while chanting.
The necromancer binds the souls of nearby monsters.
You block the great orb of eyes's attack.
The yaktaur captain unwields a +0 arbalest.
The yaktaur captain barely misses you.
The floating eye gazes piercingly through you!
You suddenly lose the ability to move!
The great orb of eyes bites you but does no damage.
The necromancer casts a spell.
The necromancer flickers and vanishes!
Deactivating autopickup; reactivate with Ctrl-A.
The deep elf elementalist skeleton hits you but does no damage.
The juggernaut simulacrum hits you!!
* * * LOW HITPOINT WARNING * * *
The juggernaut simulacrum freezes you!!!
You die...

#.#.###.####..#.#,,....,#.,#.
#####..## #.,,,.....##,,,,,,#.,##
......#.# #,,,,......#,,,,,*#....
.#.#.#.## *,,,,,.....#,,,,,*.....
#.#.#.#.###*,,,,.....##,,,**.....
**#####.∩.#######.....#**,*,.....
###.#.#.#.#.{..##..,**.....
**##.#.#.#GZG......,,***...
**,#.#.....@ZcZ##.^.,,,,,,,,
*,,##..............,,,,,****
*>,#.#.#....######(.,,,,,,,,
***##..#...##,,,,*,,,,,,,,**
#.....##,,,,,********,*,
##.#..#,,,,,,,,,*,,,,,*,
#.####,,,,,,,,,,,,,,,*,
#,,,,,,,,,,*,,,,,,,,,,,
*,,,,,,,,,**,,,,≈≈≈≈≈≈≈


You could see a yaktaur captain (soul bound), a great orb of eyes, a floating
eye, a fire giant simulacrum, a juggernaut simulacrum and a deep elf
elementalist skeleton.

Vanquished Creatures
  Vashnia (Snake:4)
  Saint Roka (Snake:3)
  An electric golem (WizLab)
  2 liches
  2 Ice Fiends (IceCv)
  4 deep elf master archers (Elf:3)
  3 deep elf blademasters (Elf:3)
  Asterion (Depths:3)
  A sphinx (Depths:2)
  A shadow dragon (Depths:3)
  Kirke (Snake:3)
  Agnes (Snake:3)
  Roxanne (Swamp:4)
  8 nagarajas (Snake:4)
  5 tengu reavers
  6 deep elf sorcerers
  4 fire giants
  5 frost giants
  Louise (Swamp:4)
  2 orc warlords
  A ghost moth (shapeshifter) (Depths:2)
  2 iron dragons
  The ghost of p0werm0de the Fighter, a journeyman MiFi of Cheibriados (Snake:1)
  2 deep elf elementalists
  5 vault wardens
  7 ironheart preservers
  12 stone giants
  24 very ugly things
  4 vampire knights
  4 deep elf demonologists
  3 war gargoyles (WizLab)
  A lorocyproca (Depths:2)
  A dire elephant (D:15)
  The ghost of Zenexuts the Cleaver, a journeyman DsFi of Okawaru (D:14)
  8 deep elf annihilators
  A minotaur (Gauntlet)
  3 bunyips
  5 eleionomae
  12 ettins
  9 spark wasps
  7 deep elf death magi
  8 yaktaur captains
  A shambling mangrove (Swamp:4)
  8 jiangshi (Depths:1)
  13 fire dragons
  6 ice dragons
  3 crystal guardians
  2 deep elf high priests (Elf:3)
  Josephine (Orc:2)
  9 rakshasas
  Erolcha (Orc:1)
  19 hydras
  8 great orbs of eyes
  3 vault guards (D:14)
  A ghost crab (Swamp:1)
  17 naga warriors
  6 spriggan air magi
  5 boulder beetles
  A monstrous demonspawn (Depths:3)
  8 centaur warriors
  46 two-headed ogres
  A death knight (Vaults:3)
  25 dancing weapons
  10 death yaks
  16 tengu warriors
  14 ogre magi
  12 alligators
  10 deep troll shamans
  8 anacondas
  A death scarab (Gauntlet)
  5 vampire magi
  4 orc high priests (Orc:2)
  10 shock serpents
  14 naga sharpshooters
  5 spriggan berserkers
  A deep troll earth mage (Depths:2)
  2 iron golems (WizLab)
  5 hell knights
  Sonja (D:11)
  13 spriggans
  3 goliath frogs
  2 sun demons
  4 iron trolls
  17 deep elf knights
  Nergalle (D:11)
  A fire crab (Swamp:4)
  5 salamander mystics
  4 skeletal warriors (Vaults:2)
  An unseen horror (shapeshifter) (Depths:3)
  A swamp dragon (shapeshifter) (Elf:1)
  20 deep trolls
  5 unseen horrors
  2 flayed ghosts
  6 naga ritualists
  10 swamp dragons
  An obsidian statue (Snake:1)
  3 spriggan druids
  6 glowing orange brains
  10 orc knights
  3 lindwurms
  A wolf spider zombie (D:15)
  5 bog bodies
  5 large abominations (Elf:1)
  6 wizards
  15 deep elf archers
  41 deep elf magi
  6 ironbrand convokers
  7 necromancers
  Pikel (D:7)
  An orange crystal statue (Elf:1)
  5 orc sorcerers
  A will-o-the-wisp (Swamp:1)
  11 harpies
  8 mana vipers
  A wolf spider (Vaults:3)
  32 ugly things
  A moth of wrath (shapeshifter) (Depths:2)
  3 oklob plants (Lair:6)
  5 cyclopes
  2 manticores (D:15)
  20 salamanders
  2 elephants (shapeshifter)
  A salamander (shapeshifter) (Vaults:2)
  5 guardian serpents
  2 rust devils (Depths:2)
  28 naga magi
  5 vault sentinels
  2 ice statues (IceCv)
  3 smoke demons
  An orange demon (Lair:6)
  41 black mambas
  5 gargoyles (WizLab)
  A torpor snail (shapeshifter) (Depths:4)
  16 cane toads
  A molten gargoyle (Swamp:4)
  A hellion (Depths:3)
  Maggie (Lair:1)
  6 rime drakes
  10 komodo dragons
  57 yaktaurs
  2 freezing wraiths
  2 tengu conjurers
  3 efreet
  A hellwing (Depths:3)
  6 trolls
  16 ice devils
  A troll (shapeshifter) (D:13)
  2 polar bears
  2 wind drakes (shapeshifter)
  A wolf spider simulacrum (Vaults:1)
  6 red devils
  2 sphinx simulacra (Vaults:1)
  3 tyrant leeches
  16 hornets
  19 slime creatures
  6 dream sheep (Lair:6)
  A blink frog (shapeshifter) (Vaults:2)
  5 blink frogs (Lair:6)
  A fire giant simulacrum (Vaults:3)
  A stone giant simulacrum (Vaults:2)
  A raiju (Gauntlet)
  Sigmund (D:2)
  2 shadows
  48 yaks
  A shapeshifter (Depths:2)
  10 wraiths
  A vampire (D:11)
  A redback (shapeshifter) (Depths:3)
  10 water elementals
  2 air elementals
  3 fire elementals
  7 wyverns
  3 fire bats (Lair:2)
  18 humans (D:14)
  8 vampire mosquitoes
  3 hogs (Snake:3)
  7 basilisks
  3 steam dragons
  2 human simulacra (Vaults:3)
  6 wargs
  A yaktaur simulacrum (Vaults:1)
  A chaos spawn (Depths:2)
  A neqoxec (Depths:2)
  A spectral cane toad (Gauntlet)
  An ogre zombie (Vaults:1)
  12 swamp worms
  3 acid dragons
  A floating eye (Depths:2)
  66 nagas
  2 soldier ants
  21 water moccasins
  4 hell hounds (Lair:6)
  3 ice beasts
  A black bear (D:8)
  A black bear (shapeshifter) (Depths:4)
  10 swamp drakes
  5 sky beasts
  13 wolves
  An eye of draining (shapeshifter) (Elf:2)
  48 orc warriors
  An orc zombie (Vaults:1)
  A necrophage (D:11)
  3 phantoms
  9 boggarts
  23 ogres
  24 centaurs
  A lemure (D:7)
  2 big kobolds
  2 elf zombies (Elf:1)
  16 bullfrogs
  8 earth elementals
  A wyvern zombie (D:10)
  4 scorpions
  A scorpion (shapeshifter) (Depths:2)
  9 killer bees
  21 wights
  6 electric eels
  2 howler monkeys
  6 crimson imps
  A bullfrog zombie (D:7)
  8 centaur skeletons
  6 hounds
  3 jellies
  25 orc wizards
  2 quasits
  18 orc priests
  A centaur zombie (D:8)
  A bullfrog skeleton (D:5)
  4 iguanas
  11 worker ants
  9 hell rats (Lair:2)
  2 hound skeletons
  8 river rats (Lair:2)
  16 adders
  3 shadow imps
  19 white imps
  8 ufetubi
  An ooze (shapeshifter) (Vaults:1)
  2 oozes
  An adder skeleton (D:7)
  An adder zombie (D:8)
  3 worms
  8 leopard geckos
  75 orcs
  7 giant cockroaches
  7 goblins
  2 hobgoblins
  8 jackals
  A quokka (D:4)
  3 ball pythons
  11 bats
  4 frilled lizards
  A giant cockroach zombie (D:5)
  20 kobolds
  A leopard gecko zombie (D:7)
  8 rats
  A fire vortex (Swamp:4)
1836 creatures vanquished.

Vanquished Creatures (collateral kills)
  Rupert (D:14)
  A deep elf demonologist (Elf:3)
  2 boulder beetles
  A hydra (D:14)
  A two-headed ogre (Depths:3)
  An ugly thing (D:14)
  A tengu conjurer (Depths:2)
  An ice devil (IceCv)
  A water elemental (Depths:3)
  An ogre (Depths:3)
  A wolf (D:8)
12 creatures vanquished.

Vanquished Creatures (others)
  2 deep elf knights
  A bloated husk (Swamp:3)
  2 steam dragons (Swamp:4)
  An orc warrior (Vaults:1)
  3 swamp drakes (Swamp:4)
  A crimson imp (Depths:3)
  2 white imps (IceCv)
  3 ufetubi (IceCv)
  An orc (Orc:2)
  A kobold (D:14)
  14 demonic plants (Gauntlet)
  4 foxfires (Swamp:1)
  42 fungi
  82 plants
159 creatures vanquished.

Grand Total: 2007 creatures vanquished

Notes
Turn   | Place    | Note
-------+----------+-------------------------------------------
     0 | D:1      | Arthanis the Gargoyle Berserker began the quest for the
                  | Orb.
     0 | D:1      | Reached XP level 1. HP: 14/14 MP: 1/1
   190 | D:1      | Reached XP level 2. HP: 18/19 MP: 2/2
   265 | D:1      | Reached skill level 3 in Axes
   487 | D:1      | Reached ** piety under Trog
   487 | D:1      | Reached XP level 3. HP: 23/23 MP: 3/3
  1124 | D:2      | Reached XP level 4. HP: 24/29 MP: 4/4
  1214 | D:2      | Noticed Sigmund
  1233 | D:2      | Killed Sigmund
  1233 | D:2      | Reached skill level 4 in Axes
  1233 | D:2      | Reached XP level 5. HP: 11/34 MP: 5/5
  1233 | D:2      | Reached XP level 6. HP: 13/39 MP: 6/6
  2559 | D:3      | Noticed a water moccasin
  2568 | D:3      | Killed a water moccasin
  2568 | D:3      | Reached *** piety under Trog
  2568 | D:3      | Reached skill level 5 in Fighting
  2568 | D:3      | Reached skill level 5 in Axes
  2568 | D:3      | Reached XP level 7. HP: 21/44 MP: 7/7
  3736 | D:4      | Reached skill level 1 in Evocations
  3938 | D:4      | Reached skill level 6 in Axes
  4170 | D:5      | Entered Level 5 of the Dungeon
  4184 | D:5      | Reached skill level 5 in Armour
  4184 | D:5      | Reached XP level 8. HP: 37/51 MP: 8/8
  4292 | D:5      | Found a basalt altar of Yredelemnul.
  4318 | D:5      | Found a snail-covered altar of Cheibriados.
  4353 | D:5      | Found an ornate altar of the Wu Jian Council.
  4355 | D:5      | Found a broken altar of Ashenzari.
  4458 | D:5      | Got a pitted war axe
  4459 | D:5      | Identified the +7 war axe of Death {freeze, rElec rF+
                  | Str+7} (You found it on level 5 of the Dungeon)
  4854 | D:5      | Found a burning altar of Makhleb.
  5547 | D:6      | Reached skill level 7 in Axes
  5572 | D:6      | Reached XP level 9. HP: 56/56 MP: 9/9
  5676 | D:6      | Reached **** piety under Trog
  5742 | D:6      | Found a staircase to the Ecumenical Temple.
  6056 | D:7      | Found an opulent altar of Gozag.
  6254 | D:7      | Reached skill level 8 in Axes
  6330 | D:7      | Found a hazy altar of Hepliaklqana.
  6341 | D:7      | Found an ancient bone altar of Kikubaaqudgha.
  6381 | D:7      | Noticed Pikel
  6390 | D:7      | Killed Pikel
  6625 | D:8      | Found Ipsudacw's Armour Emporium.
  6643 | D:8      | Bought a +0 buckler for 45 gold pieces
  6669 | D:8      | Reached skill level 9 in Axes
  6669 | D:8      | Reached skill level 1 in Shields
  6680 | D:8      | Found a staircase to the Lair.
  6682 | D:8      | Reached XP level 10. HP: 64/64 MP: 10/10
  7616 | D:9      | Reached skill level 10 in Axes
  7754 | D:9      | Noticed a two-headed ogre
  7762 | D:9      | Killed a two-headed ogre
  7762 | D:9      | Reached XP level 11. HP: 71/71 MP: 11/11
  7866 | D:9      | Found a shadowy altar of Dithmenos.
  8355 | D:10     | Entered Level 10 of the Dungeon
  8882 | D:10     | Killed an unseen horror
  8882 | D:10     | Reached skill level 11 in Axes
  8943 | D:10     | Found a bloodstained altar of Trog.
  9079 | D:10     | Found a staircase to the Orcish Mines.
  9398 | D:11     | Noticed a four-headed hydra
  9412 | D:11     | Killed a four-headed hydra
  9412 | D:11     | Reached skill level 10 in Fighting
  9438 | D:11     | Reached ***** piety under Trog
  9626 | D:11     | Noticed Sonja
  9628 | D:11     | Killed Sonja
  9753 | D:11     | Noticed a cyan ugly thing
  9762 | D:11     | Killed a cyan ugly thing
  9762 | D:11     | Reached skill level 12 in Axes
  9856 | D:11     | Noticed Nergalle
  9869 | D:11     | Killed Nergalle
  9869 | D:11     | Noticed a seven-headed hydra
  9882 | D:11     | Killed a seven-headed hydra
 10200 | D:11     | Noticed a green ugly thing
 10206 | D:11     | Killed a green ugly thing
 10206 | D:11     | Reached XP level 12. HP: 79/79 MP: 12/12
 10558 | D:12     | Reached skill level 13 in Axes
 10859 | D:12     | Noticed a boulder beetle
 10870 | D:12     | Killed a boulder beetle
 11066 | D:13     | Found a gate leading to a gauntlet.
 11088 | Gauntlet | Entered a Gauntlet
 11088 | Gauntlet | Found a transporter.
 11088 | Gauntlet | Found a transporter.
 11088 | Gauntlet | Found a transporter.
 11088 | Gauntlet | Found a transporter.
 11088 | Gauntlet | Noticed a death scarab
 11107 | Gauntlet | HP: 4/120 [death scarab (13)]
 11109 | Gauntlet | Killed a death scarab
 11114 | Gauntlet | Found a transporter.
 11435 | Gauntlet | Found a transporter.
 11442 | Gauntlet | Received a gift from Trog
 11443 | Gauntlet | Found a transporter.
 11451 | Gauntlet | Identified the Disquisition on Hexes and the Compass
 11488 | Gauntlet | Found a transporter.
 11489 | Gauntlet | Found a transporter.
 11494 | Gauntlet | Found a transporter.
 11713 | Gauntlet | Noticed a minotaur
 11727 | Gauntlet | HP: 1/81 [minotaur/+2 dagger of venom (21)]
 11728 | Gauntlet | Killed a minotaur
 12061 | D:13     | Noticed a tengu warrior
 12070 | D:13     | Killed a tengu warrior
 12076 | D:13     | Reached skill level 14 in Axes
 12438 | D:13     | Reached XP level 13. HP: 87/87 MP: 13/13
 13142 | D:14     | Found Ykohu's Book Boutique.
 13312 | D:14     | Found a runed translucent gate.
 13312 | D:14     | Found a runed translucent gate.
 13312 | D:14     | Found a runed translucent gate.
 13312 | D:14     | Noticed Zenexuts's ghost (journeyman DsFi)
 13438 | D:14     | Noticed Rupert
 13449 | D:14     | Killed Rupert
 13480 | D:14     | Noticed an ettin
 13699 | D:14     | Reached skill level 15 in Axes
 14046 | D:14     | Found a gate to the Vaults.
 14046 | D:14     | Noticed a vault guard
 14046 | D:14     | Noticed a vault guard
 14046 | D:14     | Noticed a vault guard
 14056 | D:14     | Killed a vault guard
 14057 | D:14     | Killed a vault guard
 14059 | D:14     | Killed a vault guard
 14153 | D:15     | Entered Level 15 of the Dungeon
 14307 | D:15     | Found a staircase to the Depths.
 14307 | D:15     | Noticed a dire elephant
 14319 | D:15     | Killed a dire elephant
 14319 | D:15     | Gained mutation: Your large and strong wings let you fly
                  | indefinitely. [Gargoyle growth]
 14319 | D:15     | Reached XP level 14. HP: 58/95 MP: 14/14
 15383 | Orc:1    | Entered Level 1 of the Orcish Mines
 15383 | Orc:1    | Found Vyhekaotetu's Armour Boutique.
 15439 | Orc:1    | Bought a +2 pair of gloves of dexterity for 236 gold pieces
 15476 | Orc:1    | Noticed Erolcha
 15482 | Orc:1    | Killed Erolcha
 15482 | Orc:1    | Reached skill level 16 in Axes
 15523 | Orc:1    | Found Misosinu's Distillery.
 15531 | Orc:1    | Bought a potion of flight for 36 gold pieces
 15531 | Orc:1    | Bought a potion of mutation for 96 gold pieces
 15531 | Orc:1    | Bought 2 potions of magic for 192 gold pieces
 15531 | Orc:1    | Bought a potion of cancellation for 96 gold pieces
 15531 | Orc:1    | Bought a potion of curing for 36 gold pieces
 15531 | Orc:1    | Bought 2 potions of curing for 72 gold pieces
 15531 | Orc:1    | Bought a potion of curing for 36 gold pieces
 15531 | Orc:1    | Bought a potion of curing for 36 gold pieces
 15554 | Orc:1    | Reached skill level 5 in Evocations
 15570 | Orc:1    | Found Sewkaral's Armour Shop.
 15994 | Orc:1    | Found Ilyic's Distillery.
 15997 | Orc:1    | Bought a potion of ambrosia for 96 gold pieces
 15997 | Orc:1    | Bought a potion of degeneration for 12 gold pieces
 15997 | Orc:1    | Bought a potion of invisibility for 96 gold pieces
 15997 | Orc:1    | Bought a potion of brilliance for 48 gold pieces
 15997 | Orc:1    | Bought a potion of lignification for 36 gold pieces
 16351 | Orc:2    | Entered Level 2 of the Orcish Mines
 16351 | Orc:2    | Found a staircase to the Elven Halls.
 16478 | Orc:2    | Found Uplapuif's Antique Weapon Boutique.
 16661 | Orc:2    | Paralysed by an orc sorcerer for 6 turns
 16872 | Orc:2    | Found Wyidaup's General Store.
 16923 | Orc:2    | Noticed an orc warlord
 16934 | Orc:2    | Received a gift from Trog
 17089 | Orc:2    | Found a roughly hewn altar of Beogh.
 17090 | Orc:2    | Paralysed by an orc sorcerer for 7 turns
 17112 | Orc:2    | Bought a scroll of identify for 24 gold pieces
 17112 | Orc:2    | Bought a scroll of identify for 24 gold pieces
 17187 | Orc:2    | Noticed an orc warlord
 17190 | Orc:2    | Noticed Josephine
 17214 | Orc:1    | Killed an orc warlord
 17270 | Orc:2    | Killed Josephine
 17310 | Orc:2    | Found Guotar's Jewellery Shop.
 17353 | Orc:2    | Bought an uncursed ring of see invisible for 225 gold
                  | pieces
 17543 | Orc:2    | Killed an orc warlord
 17543 | Orc:2    | Reached XP level 15. HP: 101/101 MP: 15/15
 17657 | Orc:2    | Found Wuidez's Antique Armour Boutique.
 18083 | Lair:1   | Entered Level 1 of the Lair of Beasts
 18141 | Lair:1   | Noticed Maggie
 18148 | Lair:1   | Killed Maggie
 18870 | Lair:2   | Found a dark tunnel.
 18880 | Volcano  | Entered a volcano
 19039 | Volcano  | Reached skill level 10 in Armour
 19174 | Lair:2   | Reached ****** piety under Trog
 19176 | Lair:2   | Received a gift from Trog
 19181 | Lair:2   | Reached skill level 17 in Axes
 19348 | Lair:2   | Reached skill level 15 in Fighting
 19598 | Lair:2   | Found a staircase to the Snake Pit.
 20088 | Lair:3   | Identified the Compendium of Battle Magic and Flames
 21263 | Lair:4   | Found a staircase to the Swamp.
 21717 | Lair:5   | Received a gift from Trog
 22333 | Lair:5   | Found a staircase to the Slime Pits.
 22334 | Lair:5   | Found a viscous altar of Jiyva.
 23014 | Lair:6   | Entered Level 6 of the Lair of Beasts
 23132 | Lair:6   | Reached XP level 16. HP: 104/108 MP: 16/16
 23978 | Lair:6   | Reached skill level 18 in Axes
 24060 | Lair:6   | Found a burning altar of Makhleb.
 24080 | Lair:6   | Received a gift from Trog
 24093 | Lair:6   | Found a gateway to Hell.
 24957 | Elf:1    | Entered Level 1 of the Elven Halls
 24985 | Elf:1    | Found Cueb's Magic Scroll Shoppe.
 24988 | Elf:1    | Bought a scroll of brand weapon for 340 gold pieces
 25001 | Elf:1    | Bought a scroll of identify for 34 gold pieces
 25001 | Elf:1    | Bought a scroll of identify for 34 gold pieces
 25001 | Elf:1    | Bought a scroll of identify for 34 gold pieces
 25001 | Elf:1    | Bought a scroll of identify for 34 gold pieces
 25001 | Elf:1    | Bought a scroll of fear for 59 gold pieces
 25001 | Elf:1    | Bought a scroll of blinking for 127 gold pieces
 25001 | Elf:1    | Bought a scroll of blinking for 127 gold pieces
 25362 | Elf:1    | Noticed Horhip's ghost (adept DrVM)
 25363 | Elf:1    | Found a runed translucent gate.
 25363 | Elf:1    | Found a runed translucent gate.
 25363 | Elf:1    | Found a runed translucent gate.
 26352 | Elf:1    | Identified the Papyrus of Black Rituals
 26689 | Elf:2    | Reached XP level 17. HP: 104/116 MP: 17/17
 26698 | Elf:2    | Received a gift from Trog
 26854 | Elf:2    | Found a runed translucent gate.
 26854 | Elf:2    | Found a runed translucent gate.
 26854 | Elf:2    | Found a runed translucent gate.
 27087 | Elf:2    | Found Uxkushron's Gadget Shop.
 27237 | Elf:2    | Noticed a Hell Sentinel
 27368 | Elf:2    | Reached skill level 19 in Axes
 27471 | Elf:2    | Reached skill level 10 in Evocations
 28067 | Elf:3    | Entered Level 3 of the Elven Halls
 28091 | Elf:3    | Found Wiwi's Jewellery Boutique.
 28470 | Elf:3    | Noticed a deep elf master archer
 28500 | Elf:3    | Noticed a deep elf blademaster
 28506 | Elf:3    | Killed a deep elf master archer
 28506 | Elf:3    | Received a gift from Trog
 28508 | Elf:3    | Noticed a deep elf master archer
 28511 | Elf:3    | Noticed a deep elf blademaster
 28515 | Elf:3    | Killed a deep elf blademaster
 28515 | Elf:3    | Killed a deep elf blademaster
 28519 | Elf:3    | Killed a deep elf master archer
 28522 | Elf:3    | Reached XP level 18. HP: 83/124 MP: 18/18
 29311 | Elf:3    | Noticed a deep elf blademaster
 29311 | Elf:3    | Noticed a deep elf master archer
 29312 | Elf:3    | Noticed a deep elf master archer
 29321 | Elf:3    | Killed a deep elf blademaster
 29326 | Elf:3    | Killed a deep elf master archer
 29327 | Elf:3    | Killed a deep elf master archer
 29327 | Elf:3    | Reached skill level 20 in Axes
 29348 | Elf:3    | Noticed an Ice Fiend
 29372 | Elf:3    | Identified the +4 broad axe of Linearity {speed, *Contam
                  | +Fly Int+5}
 29425 | Elf:3    | Identified the +5 robe of Atheism {rPois Str+3 Slay+4}
 29440 | Elf:3    | Received a gift from Trog
 29783 | Elf:1    | Bought a scroll of summoning for 161 gold pieces
 29783 | Elf:1    | Bought a scroll of acquirement for 884 gold pieces
 29783 | Elf:1    | Bought a scroll of immolation for 59 gold pieces
 29783 | Elf:1    | Acquired the +1 helmet "Puad" {MR+ Str+2}
 30032 | Swamp:1  | Entered Level 1 of the Swamp
 31056 | Swamp:2  | Identified Afetit's Papyrus of Unholy Confrontation
 31200 | Swamp:2  | Received a gift from Trog
 31647 | Swamp:3  | Identified the +2 tower shield "Gunausch" {+Fly rF++ Str-2}
                  | (You found it on level 3 of the Swamp)
 32268 | Swamp:4  | Entered Level 4 of the Swamp
 32306 | Swamp:4  | Found a frozen archway.
 32324 | IceCv    | Entered an ice cave
 32655 | IceCv    | Noticed an Ice Fiend
 32655 | IceCv    | Noticed an Ice Fiend
 32665 | IceCv    | Killed an Ice Fiend
 32665 | IceCv    | Reached XP level 19. HP: 22/130 MP: 19/19
 32668 | IceCv    | Killed an Ice Fiend
 33071 | Swamp:4  | Identified Roxanne's Compendium of Moulding
 33071 | Swamp:4  | Noticed Roxanne
 33136 | Swamp:4  | Received a gift from Trog
 33150 | Swamp:4  | Reached skill level 5 in Shields
 33214 | Swamp:4  | Identified the +5 battleaxe of Dismemberment {flame, +Blink
                  | +Fly Str-5 Int+4} (Trog gifted it to you on level 4 of the
                  | Swamp)
 33234 | Swamp:4  | Got a decaying rune of Zot
 33553 | Swamp:4  | Noticed Louise
 33567 | Swamp:4  | Killed Louise
 33865 | Swamp:4  | Killed Roxanne
 34458 | Snake:1  | Entered Level 1 of the Snake Pit
 34473 | Snake:1  | Reached skill level 5 in Dodging
 34652 | Snake:1  | Reached skill level 21 in Axes
 34820 | Snake:1  | Found a runed translucent gate.
 34982 | Snake:1  | Found a runed translucent gate.
 34982 | Snake:1  | Found a runed translucent gate.
 34983 | Snake:1  | Found an opulent altar of Gozag.
 34984 | Snake:1  | Found Cotecoeg's Assorted Antiques.
 34985 | Snake:1  | Noticed p0werm0de's ghost (journeyman MiFi)
 34988 | Snake:1  | Found Peliz's Assorted Antiques.
 35037 | Snake:2  | Received a gift from Trog
 35964 | Snake:3  | Received a gift from Trog
 36100 | Snake:3  | Reached XP level 20. HP: 137/137 MP: 20/20
 36267 | Snake:3  | Noticed Kirke
 36281 | Snake:3  | Killed Kirke
 36282 | Snake:3  | Noticed Saint Roka
 36322 | Snake:3  | Killed Saint Roka
 37148 | Snake:3  | Noticed Agnes
 37158 | Snake:3  | Killed Agnes
 37415 | Snake:4  | Entered Level 4 of the Snake Pit
 37440 | Snake:4  | Found Esil's Antique Weapon Emporium.
 37504 | Snake:4  | Received a gift from Trog
 37511 | Snake:4  | Identified the +4 broad axe of the Vestibule of Hell
                  | {vorpal, rN+ Int+3} (Trog gifted it to you on level 4 of
                  | the Snake Pit)
 37576 | Snake:4  | Found a hide-covered altar of Uskayaw.
 37664 | Snake:4  | Noticed Vashnia
 37674 | Snake:4  | Killed Vashnia
 38249 | Snake:4  | Received a gift from Trog
 38606 | Snake:4  | Got a serpentine rune of Zot
 38748 | Snake:1  | Killed p0werm0de's ghost
 39020 | D:14     | Killed Zenexuts's ghost
 39091 | Vaults:1 | Entered Level 1 of the Vaults
 39320 | Vaults:1 | Reached XP level 21. HP: 144/144 MP: 21/21
 39812 | Vaults:1 | Received a gift from Trog
 39814 | Vaults:1 | Identified the Collected Works on Enchantment
 40125 | Vaults:1 | Reached skill level 22 in Axes
 40984 | Vaults:2 | Received a gift from Trog
 41151 | Vaults:2 | Found Xani's Antique Armour Shop.
 42447 | Vaults:3 | Reached XP level 22. HP: 127/150 MP: 22/22
 43354 | Vaults:3 | Found a staircase to the Crypt.
 43354 | Vaults:3 | Found an ancient bone altar of Kikubaaqudgha.
 43355 | Vaults:3 | Found a basalt altar of Yredelemnul.
 43486 | Vaults:4 | Received a gift from Trog
 44516 | Vaults:4 | Found Alada's Weapon Boutique.
 45229 | Depths:1 | Entered Level 1 of the Depths
 45282 | Depths:1 | Received a gift from Trog
 45417 | Depths:1 | Found a one-way gate leading to the halls of Pandemonium.
 45428 | Depths:1 | Reached skill level 23 in Axes
 45856 | Depths:1 | Found a one-way gate to the infinite horrors of the Abyss.
 46450 | Depths:2 | Reached XP level 23. HP: 125/157 MP: 23/23
 46994 | Depths:2 | Received a gift from Trog
 47030 | Depths:2 | Identified the +8 hand axe of Ilecw {freeze, rElec rF+++
                  | MR- Str-3}
 47034 | Depths:2 | Identified the +5 trident of Instant Death {drain, Int+4}
 47311 | Depths:2 | Reached skill level 15 in Armour
 47721 | Depths:2 | Received a gift from Trog
 47890 | Depths:2 | Identified the Compendium of Excruciating Contamination
 48428 | Depths:3 | Reached skill level 24 in Axes
 48460 | Depths:3 | Found Namathraa's Magic Scroll Boutique.
 48467 | Depths:3 | Bought a scroll of teleportation for 69 gold pieces
 48467 | Depths:3 | Bought a scroll of teleportation for 69 gold pieces
 48467 | Depths:3 | Bought a scroll of teleportation for 69 gold pieces
 48467 | Depths:3 | Bought a scroll of identify for 46 gold pieces
 48467 | Depths:3 | Bought a scroll of magic mapping for 80 gold pieces
 48467 | Depths:3 | Bought a scroll of enchant weapon for 172 gold pieces
 48467 | Depths:3 | Bought a scroll of fear for 80 gold pieces
 48467 | Depths:3 | Bought a scroll of enchant armour for 172 gold pieces
 48724 | Depths:3 | Noticed Mara
 48733 | Depths:3 | Noticed Arthanis's illusion
 48763 | Depths:3 | Noticed Arthanis's illusion
 48780 | Depths:2 | Noticed Arthanis's illusion
 48975 | Depths:3 | Noticed Asterion
 48994 | Depths:3 | Received a gift from Trog
 48997 | Depths:3 | Gained mutation: You are frail. (-10% HP) [a cacodemon]
 49004 | Depths:3 | Killed Asterion
 49053 | Depths:3 | Reached XP level 24. HP: 116/149 MP: 23/23
 50014 | Depths:3 | Acquired a manual of Armour
 50273 | Depths:3 | Found Zorykk's Antique Armour Shoppe.
 50344 | Depths:3 | Received a gift from Trog
 50593 | Depths:3 | Found Vewnitax's General Store.
 50601 | Depths:3 | Bought a scroll of identify for 50 gold pieces
 50601 | Depths:3 | Bought a scroll of identify for 50 gold pieces
 50987 | Depths:4 | Found a portal to a secret trove of treasure.
 51103 | Depths:4 | Found a magical portal.
 51116 | WizLab   | Entered Doroklohe's Tomb
 51650 | WizLab   | Acquired a manual of Armour
 51653 | WizLab   | Acquired 1089 gold pieces
 51764 | Depths:4 | Paralysed by a floating eye for 4 turns
 51771 | Depths:4 | Paralysed by a floating eye for 3 turns
 51771 | Depths:4 | Annihilated by a juggernaut simulacrum

Illustrated notes

Levels and vault maps discovered:
D:1:      minmay_arrival_four_houses, layout_loops_ring
D:2:      layout_loops_ring, uniq_sigmund
D:3:      layout_basic
D:4:      layout_cave_pools
D:5:      layout_basic, kennysheep_mini_moat, nicolae_overflow_hidden_temple
D:6:      layout_rooms, minmay_temple_entry_nine_rooms,
          kennysheep_generic_room_4
D:7:      layout_cave_pods, minitemple, grunt_gozag_breadcrumbs, uniq_pikel
D:8:      lemuel_ice_spiral_2, layout_rooms, minmay_lair_entry_grove,
          serial_shops, shop
D:9:      layout_gridville, nicolae_dithmenos_the_darkroom
D:10:     minmay_clustersquares, layout_stronghold, orc_0_dummy, basic_altar
D:11:     layout_long_grid, uniq_sonja, uniq_nergalle
D:12:     layout_cave_pools
D:13:     layout_small_grid, gauntlet_entry_generic, nrook_loot_triangle
D:14:     layout_roguey, grunt_vaults_entry_tiered, gammafunk_ghost_split,
          nicolae_twisting_strands, serial_shops, shop, uniq_rupert
D:15:     hangedman_depths_entry_try_elsewhere_first, layout_long_grid,
          wad_floor_pattern_untrapped, chequers_serial_rivers_micro_d,
          grunt_decor_fettered, minmay_misc_feat_room
Lair:1:   layout_roguey, grunt_megastairs_2, uniq_maggie
Lair:2:   layout_regular_city, dummy_snake_entry, nicolae_volcano_entry_batcave,
          serial_bayou_pond_c, nicolae_quartered_pool_little,
          kennysheep_abandoned_house, grunt_megastairs_4, serial_bayou_shore_a,
          serial_bayou_shore_b
Lair:3:   layout_misc_corridors
Lair:4:   layout_cave_pods, skrybe_swamp_entry_bodies
Lair:5:   layout_gridlike, slime_altar_1, kennysheep_basilisk_garden,
          grunt_megastairs_3
Lair:6:   evil_forest, layout_gridlike, serial_bayou_shore_b,
          serial_bayou_shore_b, minmay_lair_oklob_chamber,
          infiniplex_staircase_pool, grunt_megastairs_1
Swamp:1:  layout_basic_swamp, serial_swamp_ruin, evilmike_swamp_ruin_house_6,
          evilmike_swamp_ruin_rubble_2
Swamp:2:  layout_falls_marsh, nicolae_swamp_stair_fork, swamp_pool3
Swamp:3:  layout_falls_marsh, evilmike_swamp_ruin_rubble_1, swamp_pool4
Swamp:4:  swamp_fiery, layout_basic_swamp, portal_ice_cave_entry_pillars_three,
          infiniplex_staircase_pool_2, uniq_louise, uniq_roxanne
Snake:1:  layout_onion_interference, ebering_ghost_gozag
Snake:2:  kennysheep_six_static_rooms, layout_onion
Snake:3:  layout_honeycomb, uniq_agnes, uniq_saint_roka, uniq_kirke
Snake:4:  minmay_snake_end_coiled, layout_gridlike, serial_shops, shop,
          basic_altar, serial_bayou_shore_b, uniq_vashnia
Orc:1:    layout_caves, serial_shops, shop, shop, shop,
          nicolae_shop_temple_entry_statues_fountains, nicolae_orc_stony_grotto,
          uniq_erolcha
Orc:2:    grunt_orc_gardens, layout_caves, grunt_orc_garden, grunt_orc_garden,
          grunt_orc_garden, grunt_orc_garden, basic_altar, uniq_josephine
Elf:1:    layout_loops_corners, serial_shops, nicolae_shop_behind_doors,
          gammafunk_ghost_split, minmay_elf_necromancy, st_stairs_9,
          fountainhead, minivault_16, minmay_crystal_room
Elf:2:    layout_loops_cross, serial_shops, nicolae_shop_statue_plus
Elf:3:    minmay_elf_hall, layout_loops_ring, serial_shops, shop
Vaults:1: nicolae_vaults_specimen_jars, nicolae_vaults_ring_of_whatevers,
          ontoclasm_vaults_decontamination, nicolae_vaults_quadrants,
          hangedman_vaults_slither, vaults_room_large_hall, vaults_dpeg_hooks,
          v_rooms_5, hangedman_vaults_stream, vaults_standard_mumra_x,
          layout_vaults_big_cross
Vaults:2: vaults_room_corners, nicolae_vaults_big_angled_halls,
          vaults_room_door_hall, nicolae_vaults_sealed_display,
          nicolae_vaults_little_squares_1, v_misc_33, nicolae_vaults_asterisk,
          ontoclasm_vaults_gateway, nicolae_vaults_theta, v_pattern_2,
          vaults_room_grid, layout_vaults_big_room, serial_shops,
          nicolae_shop_waterfront
Vaults:3: grunt_vaults_funnel, v_misc_18, st_hourglassy,
          nicolae_vaults_triangles, hangedman_vaults_stagger, v_misc_18,
          minmay_crypt_entry_necro_gods, ontoclasm_vaults_idyll,
          v_alt_pattern_5, vaults_mumra_chevron_long, vaults_dpeg_encased_lava,
          layout_vaults_maze_snakey
Vaults:4: vaults_room_large_hall, ontoclasm_vaults_claustrophobia,
          nicolae_vaults_network_periphery, v_misc_18, vaults_room_pools,
          layout_vaults_quadrants, serial_shops, shop
Depths:1: layout_big_octagon, pan_entry, hangedman_decor_slide_cut, abyss_entry,
          hell_entry, kennysheep_generic_room_11
Depths:2: nooodl_heptagram, layout_honeycomb, grunt_pan_entry_sceptre,
          hell_entry, chequers_serial_rivers_small_3, lemuel_old_faithful
Depths:3: minmay_the_grid_plus [minmay_the_grid_minigrid_small,
          minmay_the_grid_stretched_grid, minmay_the_grid_odd_star,
          minmay_the_grid_zigzag_pyramid, minmay_the_grid_prize_four_corners],
          layout_gridlike, hangedman_coc_ice_floe, minmay_misc_feat_alley,
          grunt_pan_entry_zigzag, serial_shops, shop, nicolae_shop_statue_plus,
          kennysheep_little_box, minivault_11, uniq_mara, uniq_asterion
Depths:4: lemuel_castle_with_subvaults [lemuel_castle_interior_carwin_2],
          layout_honeycomb, infiniplex_enter_wizlab_water,
          nicolae_trove_entry_columns, hangedman_abyss_entry_splay, hell_entry,
          minmay_misc_feat_tower, minivault_14, uniq_boris

Skill      XL: |  1  2  3  4  5  6  7  8  9 10 11 12 13 14 15 16 17 18 19 20 21 22 23 |
---------------+----------------------------------------------------------------------+-----
Axes           | 3 4 5 6 7 9 10 12 14 15 16 17 18 19 20 21 22 23 24 | 24.9
Dodging        | 2 4 6 7 8 |  8.0
Fighting       | 4 5 6 8 9 10 12 13 14 15 16 17 18 19 20 21 | 21.8
Armour         | 3 4 5 6 7 8 9 10 11 12 13 14 15 | 15.8
Evocations     | 1 2 4 6 7 9 10 11 12 13 14 | 14.1
Shields        | 2 4 6 7 8 |  8.0

Action                   |  1- 3 |  4- 6 |  7- 9 | 10-12 | 13-15 | 16-18 | 19-21 | 22-24 || total
-------------------------+-------+-------+-------+-------+-------+-------+-------+-------++-------
Melee: Hand axe          |    14 |       |       |       |       |   139 |   144 |       ||   297
       Dagger            |    82 |   132 |   126 |    19 |    12 |       |       |       ||   371
       War axe           |       |       |   134 |   430 |   517 |   853 |  1340 |  1332 ||  4606
       Executioner's axe |       |       |       |       |   314 |   150 |       |       ||   464
       Broad axe         |       |       |       |       |       |       |       |     7 ||     7
Invok: Berserk           |       |     2 |     4 |    18 |    16 |    17 |    15 |    15 ||    87
       Trog's Hand       |       |     1 |     1 |    11 |     7 |    16 |    12 |    19 ||    67
       Brothers in Arms  |       |       |       |     2 |     2 |     1 |     1 |     2 ||     8
 Abil: Fly               |       |       |       |       |     1 |       |       |       ||     1
Evoke: Wand              |       |       |       |     7 |       |     9 |       |     5 ||    21
       Box of beasts     |       |       |       |       |       |       |       |     1 ||     1
       Phial of floods   |       |       |       |       |       |       |       |     1 ||     1
  Use: Scroll            |       |       |       |    14 |    15 |    15 |     9 |    15 ||    68
       Potion            |       |       |       |       |     1 |       |       |     2 ||     3
 Stab: Sleeping          |       |     1 |     1 |       |       |       |       |       ||     2
       Distracted        |       |       |       |       |       |     2 |       |       ||     2
Armor: Animal skin       |    32 |    34 |    17 |       |       |       |       |       ||    83
       Scale mail        |       |       |    63 |       |       |       |       |       ||    63
       Fire dragon scale |       |       |    16 |     6 |    10 |       |       |       ||    32
       Plate armour      |       |       |    11 |   285 |   492 |   812 |   597 |   630 ||  2827
Dodge: Dodged            |    75 |    81 |   104 |   142 |   287 |   294 |   190 |   250 ||  1423
       Repelled          |       |       |       |       |       |       |       |     3 ||     3
Block: Buckler           |       |       |     9 |   202 |   217 |   275 |       |       ||   703
       Other             |       |       |     5 |       |    83 |    52 |       |       ||   140
       Reflection        |       |       |       |    16 |    31 |    34 |   215 |   100 ||   396
       Tower shield      |       |       |       |       |       |   156 |  1534 |  1445 ||  3135

Table legend: (Time is in decaauts)
 A = Elapsed time spent in this place.
 B = Non-inter-level travel time spent in this place.
 C = Inter-level travel time spent in this place.
 D = Time resting spent in this place.
 E = Time spent auto-exploring this place.
 F = Levels seen in this place.
 G = Mean time per level.
                   A        B        C        D        E       F      G
               +--------+--------+--------+--------+--------+-----+--------+
         Total |  51520 |  48778 |   2742 |   2437 |  35584 |  46 | 1120.0 |
       Dungeon |  15473 |  14318 |   1155 |    290 |  11625 |  15 | 1031.5 |
          Lair |   6826 |   6342 |    484 |      9 |   5244 |   6 | 1137.7 |
         Swamp |   3497 |   3324 |    173 |      0 |   2518 |   4 |  874.2 |
     Snake Pit |   4240 |   4034 |    206 |      0 |   2931 |   4 | 1060.0 |
  Orcish Mines |   2612 |   2437 |    175 |    219 |   1628 |   2 | 1306.0 |
   Elven Halls |   4796 |   4601 |    195 |    369 |   3187 |   3 | 1598.7 |
        Vaults |   5947 |   5702 |    245 |    191 |   4478 |   4 | 1486.8 |
        Depths |   5827 |   5722 |    105 |    606 |   3468 |   4 | 1456.8 |
      Ice Cave |    719 |    719 |      0 |    306 |     17 |   1 |  719.0 |
       Volcano |    228 |    228 |      0 |      0 |    134 |   1 |  228.0 |
        Wizlab |    592 |    592 |      0 |      0 |    352 |   1 |  592.0 |
      Gauntlet |    759 |    759 |      0 |    446 |      0 |   1 |  759.0 |
               +--------+--------+--------+--------+--------+-----+--------+

Top non-repeatable levels by time:
Depths:2: 2269 daAuts
Depths:3: 2218 daAuts
   Elf:2: 1791 daAuts
  Lair:6: 1755 daAuts
   Elf:1: 1755 daAuts
Vaults:4: 1617 daAuts
Vaults:1: 1537 daAuts
    D:14: 1485 daAuts
   Orc:2: 1465 daAuts
Vaults:2: 1453 daAuts
 Snake:3: 1442 daAuts
     D:3: 1388 daAuts
  Lair:5: 1346 daAuts
Vaults:3: 1339 daAuts
  Lair:4: 1307 daAuts
